 Dungeon Crawl Stone Soup version 0.31-a0-150-g89dc3ad700 (webtiles) character file.

Game seed: 9488957792825944527

285 qw the Shooter (level 6, 0/38 HPs)
             Began as a Gargoyle Hunter on June 8, 2023.
             Slain by an ogre
             ... wielding a +0 giant club
              (9 damage)
             ... on level 4 of the Dungeon.
             The game lasted 00:01:07 (2148 turns).

qw the Shooter (Gargoyle Hunter)                    Turns: 2148, Time: 00:01:07

Health: 0/38       AC:  8    Str: 18    XL:     6   Next: 29%
Magic:  6/6        EV: 12    Int:  9    God:
Gold:   59         SH:  5    Dex: 18    Spells: 5/5 levels left

rFire   . . .        Y - +0 shortbow
rCold   + . .        (shield currently unavailable)
rNeg    + . .        c - +0 leather armour
rPois   inf          (no helmet)
rElec   +            l - +0 cloak
rCorr   .            (no gloves)
SInv    .            (no boots)
Will    .....        g - amulet of reflection
Stlth   ++           h - ring of Semm {rC+ Str+3 Dex+3}
HPRegen 0.26/turn    (no ring)
MPRegen 0.10/turn

%: reflection
@: no status effects
A: sickness immunity, AC +4, negative energy resistance 1, electricity
resistance, torment resistance 1, petrification resistance
a: no special abilities


You were on level 4 of the Dungeon.
You visited 1 branch of the dungeon, and saw 4 of its levels.

You collected 120 gold pieces.
You spent 61 gold pieces at shops.


Innate Abilities, Weirdness & Mutations

You are immune to sickness and miasma.
Your stone body is resilient. (AC +4)
You are immune to poison.
You resist negative energy. (rN+)
You are resistant to electric shocks. (rElec)
You are resistant to unholy torment.
You are immune to petrification.


   Skills:
 + Level 3.7 Fighting
 - Level 6.0 Ranged Weapons
 - Level 3.1 Armour
 - Level 1.5 Dodging
 - Level 1.1 Stealth


You had 5 spell levels left.
You didn't know any spells.
Your spell library was empty.

Inventory:

Hand Weapons
 Y - a +0 shortbow (weapon)
Armour
 c - a +0 leather armour (worn)
 l - a +0 cloak (worn)
Jewellery
 g - an amulet of reflection (around neck)
 h - the ring of Semm (left hand) {rC+ Str+3 Dex+3}
   (You acquired it on level 2 of the Dungeon)

   [ring of protection from cold]

   Str:       It affects your strength (+3).
   Dex:       It affects your dexterity (+3).
   rC:        It protects you from cold.
Scrolls
 a - a scroll of identify
Potions
 b - 2 potions of might
 d - a potion of haste {unknown}
 e - a potion of mutation {unknown}
 f - a potion of attraction {unknown}

Dungeon Overview and Level Annotations

Branches:
Dungeon (4/15)
 Temple: D:4-7

Altars:
Qazlal
Xom

Shops:
D:2 *(


Message History

The adder misses you.
You shoot an arrow.
The arrow closely misses the howler monkey.
You block the howler monkey's attack. The adder bites you but does no damage.
The orc zombie hits you but does no damage.
The goblin misses you. The goblin closely misses you.
The howler monkey closely misses you.
You shoot an arrow.
The arrow barely misses the howler monkey.
The adder bites you but does no damage. You block the goblin's attack.
The orc zombie barely misses you.
The ogre hits you with a +0 giant club!!
Ouch! That really hurt!
The goblin barely misses you. You block the howler monkey's attack.
You block the adder's attack.
You shoot an arrow. The arrow hits the howler monkey!
You kill the howler monkey!
The goblin hits you but does no damage. x2; You block the adder's attack.
The ogre hits you but does no damage. The goblin closely misses you. x2
The hobgoblin barely misses you.
You shoot an arrow. The arrow hits the crimson imp!
The crimson imp is heavily wounded.
The adder bites you. The adder misses you.
The hobgoblin hits you but does no damage.
You block the goblin's attack. The ogre misses you.
The goblin barely misses you.
The crimson imp hits you but does no damage.
You shoot an arrow.
The arrow hits the crimson imp but does no damage.
The crimson imp is heavily wounded.
You hear an angry hiss.
The adder bites you but does no damage. The orc zombie barely misses you.
An iguana comes into view.
You block the goblin's attack. The goblin hits you with a +0 dagger.
The hobgoblin completely misses you.
The crimson imp hits you but does no damage.
You shoot an arrow. The arrow hits the crimson imp.
The crimson imp is severely wounded.
The adder bites you but does no damage. The ogre hits you with a +0 giant club!
You die...

<## ... ....
.....
#####..... #.
#.<.....#
#..#.#.##..#
##...:OgS#..#
.?l..[.Sg@%...#
........g5Z...#
..##..###Z$...#
. #.#+ .#....#
#.. . ...... #.
.. ..#.... .+
..####. .. ..#


You could see an ogre, an iguana, a crimson imp, 2 adders, a hobgoblin zombie,
an orc zombie, a hobgoblin and 2 goblins.

Vanquished Creatures
  An ice beast (D:4)
  A howler monkey (D:4)
  An orc priest (D:3)
  A gnoll (D:1)
  5 adders
  2 dart slugs
  4 orcs (D:3)
  5 bats
  8 endoplasms
  A giant cockroach (D:1)
  7 goblins
  3 hobgoblins
  4 jackals (D:2)
  A quokka (D:2)
  4 frilled lizards
  A goblin skeleton (D:4)
  2 hobgoblin zombies (D:4)
  10 kobolds
  An orc zombie (D:4)
  5 rats
67 creatures vanquished.

Notes
Turn   | Place    | Note
-------+----------+-------------------------------------------
     0 | D:1      | qw the Gargoyle Hunter began the quest for the Orb.
     0 | D:1      | Reached XP level 1. HP: 12/12 MP: 1/1
     0 | D:1      | 0 ||| qw: Version: 0.2-a-119-g7aa9181
     0 | D:1      | 0 ||| qw: Game counter: 2760
     0 | D:1      | 0 ||| qw: Always use a shield: true
     0 | D:1      | 0 ||| qw: God list: Okawaru
     0 | D:1      | 0 ||| qw: Allow faded altars: false
     0 | D:1      | 0 ||| qw: Do Orc after D:15 true
     0 | D:1      | 0 ||| qw: Do second Lair branch before Depths: true
     0 | D:1      | 0 ||| qw: Lair rune preference: random
     0 | D:1      | 0 ||| qw: Plans: Normal
     0 | D:1      | 0 ||| PLANNING D:1-11
   116 | D:1      | Reached XP level 2. HP: 10/17 MP: 2/2
   116 | D:1      | 116 ||| FLEEEEING.
   117 | D:1      | 117 ||| FLEEEEING.
   118 | D:1      | 118 ||| FLEEEEING.
   119 | D:1      | 119 ||| FLEEEEING.
   120 | D:1      | 120 ||| FLEEEEING.
   121 | D:1      | 121 ||| FLEEEEING.
   122 | D:1      | 122 ||| FLEEEEING.
   123 | D:1      | 123 ||| FLEEEEING.
   124 | D:1      | 124 ||| FLEEEEING.
   125 | D:1      | 125 ||| FLEEEEING.
   126 | D:1      | 126 ||| FLEEEEING.
   127 | D:1      | 127 ||| FLEEEEING.
   128 | D:1      | 128 ||| FLEEEEING.
   129 | D:1      | 129 ||| FLEEEEING.
   130 | D:1      | 130 ||| FLEEEEING.
   131 | D:1      | 131 ||| FLEEEEING.
   132 | D:1      | 132 ||| FLEEEEING.
   133 | D:1      | 133 ||| FLEEEEING.
   134 | D:1      | 134 ||| FLEEEEING.
   135 | D:1      | 135 ||| FLEEEEING.
   136 | D:1      | 136 ||| FLEEEEING.
   137 | D:1      | 137 ||| FLEEEEING.
   233 | D:1      | 233 ||| FLEEEEING.
   234 | D:1      | 234 ||| FLEEEEING.
   236 | D:1      | 236 ||| FLEEEEING.
   237 | D:1      | 237 ||| FLEEEEING.
   239 | D:1      | 239 ||| FLEEEEING.
   240 | D:1      | 240 ||| FLEEEEING.
   241 | D:1      | 241 ||| FLEEEEING.
   242 | D:1      | 242 ||| FLEEEEING.
   243 | D:1      | 243 ||| FLEEEEING.
   244 | D:1      | 244 ||| FLEEEEING.
   245 | D:1      | 245 ||| FLEEEEING.
   246 | D:1      | 246 ||| FLEEEEING.
   248 | D:1      | 248 ||| FLEEEEING.
   249 | D:1      | 249 ||| FLEEEEING.
   250 | D:1      | 250 ||| FLEEEEING.
   251 | D:1      | 251 ||| FLEEEEING.
   252 | D:1      | 252 ||| FLEEEEING.
   253 | D:1      | 253 ||| FLEEEEING.
   254 | D:1      | 254 ||| FLEEEEING.
   255 | D:1      | 255 ||| FLEEEEING.
   256 | D:1      | 256 ||| FLEEEEING.
   257 | D:1      | 257 ||| FLEEEEING.
   258 | D:1      | 258 ||| FLEEEEING.
   259 | D:1      | 259 ||| FLEEEEING.
   260 | D:1      | 260 ||| FLEEEEING.
   261 | D:1      | 261 ||| FLEEEEING.
   262 | D:1      | 262 ||| FLEEEEING.
   263 | D:1      | 263 ||| FLEEEEING.
   264 | D:1      | 264 ||| FLEEEEING.
   265 | D:1      | 265 ||| FLEEEEING.
   266 | D:1      | 266 ||| FLEEEEING.
   267 | D:1      | 267 ||| FLEEEEING.
   268 | D:1      | 268 ||| FLEEEEING.
   410 | D:1      | Reached XP level 3. HP: 21/21 MP: 3/3
   519 | D:1      | Reached skill level 5 in Ranged Weapons
   660 | D:1      | 660 ||| UPGRADING to amulet of reflection.
   665 | D:1      | 665 ||| READING 2 scrolls labelled NOSCHA TIUS WOS.
   666 | D:1      | 666 ||| DROPPING scroll of butterflies.
   761 | D:2      | Found a faded altar of an unknown god.
   780 | D:2      | Reached skill level 3 in Fighting
  1010 | D:2      | Reached XP level 4. HP: 28/28 MP: 4/4
  1056 | D:2      | Found Keg Wax's Assorted Antiques.
  1095 | D:2      | 1095 ||| BUYING 2 bubbling brown potions (39 gold).
  1095 | D:2      | Bought 2 bubbling brown potions for 39 gold pieces
  1095 | D:2      | 1095 ||| BUYING scroll labelled QOITSE BORGHEOMP (22 gold).
  1095 | D:2      | Bought a scroll labelled QOITSE BORGHEOMP for 22 gold
                  | pieces
  1095 | D:2      | 1095 ||| SHOPLISTING scroll of identify (44 gold, have 18).
  1157 | D:2      | Found Afeliv's Weapon Shoppe.
  1165 | D:2      | 1165 ||| SHOPLISTING +7 shortbow of Ravage {antimagic,
                  | Int+7} (722 gold, have 18).
  1232 | D:2      | 1232 ||| READING scroll labelled QOITSE BORGHEOMP.
  1232 | D:2      | 1232 ||| ACQUIRING ring of Semm {rC+ Str+3 Dex+3}
  1232 | D:2      | Acquired the ring of Semm {rC+ Str+3 Dex+3}
  1234 | D:2      | 1234 ||| UPGRADING to ring of Semm {rC+ Str+3 Dex+3}.
  1235 | D:2      | 1235 ||| DRINKING 3 bubbling brown potions.
  1236 | D:2      | 1236 ||| READING 2 scrolls of identify.
  1236 | D:2      | 1236 ||| IDENTIFYING amethyst potion
  1313 | D:3      | HP: 6/28 [orc/+0 short sword (2)]
  1313 | D:3      | HP: 1/28 [orc priest/+0 whip (5)]
  1314 | D:3      | 1314 ||| DRINKING potion of heal wounds.
  1318 | D:3      | Reached XP level 5. HP: 23/32 MP: 5/5
  1479 | D:3      | Found a stormy altar of Qazlal.
  1564 | D:3      | Reached skill level 6 in Ranged Weapons
  1718 | D:3      | Found a faded altar of an unknown god.
  1722 | D:3      | Found a shimmering altar of Xom.
  2068 | D:3      | 2068 ||| UPGRADING to +0 cloak.
  2073 | D:3      | 2073 ||| READING scroll labelled OTYPIW JYOPA.
  2074 | D:3      | 2074 ||| READING scroll labelled WEEQYZ NOEVAMMEQ.
  2075 | D:3      | 2075 ||| READING scroll labelled VILAOD AMNYOZ.
  2115 | D:4      | Noticed an ice beast
  2129 | D:4      | Killed an ice beast
  2130 | D:4      | Reached skill level 3 in Armour
  2130 | D:4      | Reached XP level 6. HP: 26/37 MP: 6/6
  2138 | D:4      | HP: 9/37 [adder (2)]
  2139 | D:4      | 2139 ||| DRINKING potion of heal wounds.
  2147 | D:4      | HP: 9/38 [goblin/+0 dagger (1)]
  2148 | D:4      | Slain by an ogre

Levels and vault maps discovered:
D:1:      dpeg_arrival_tiny_f, layout_basic, chequers_serial_rivers_micro_d
D:2:      layout_basic, basic_ecumenical_altar, serial_shops,
          nicolae_diamond_shop, nicolae_shop_waterfront, minmay_misc_feat_tiny
D:3:      layout_basic, marbit_many_paths, nicolae_overflow_ecumenical_swirl
D:4:      layout_basic, kennysheep_mini_moat, nicolae_tso_besieged_by_evil,
          lemuel_temple_firewalk_b, hangedman_glass_teeth

Skill      XL: |  1  2  3  4  5 |
---------------+----------------+-----
Ranged Weapons | 5 6 |  6.0
Fighting       | 3 |  3.7
Armour         | 3 |  3.1
Dodging        | |  1.5
Stealth        | |  1.1

Action                     |  1- 3 |  4- 6 || total
---------------------------+-------+-------++-------
   Fire: Shortbow          |    99 |   129 ||   228
    Use: Scroll            |     1 |     5 ||     6
         Potion            |       |     3 ||     3
 Armour: Leather armour    |     9 |    40 ||    49
  Dodge: Dodged            |    22 |    76 ||    98
  Block: Other             |     2 |    36 ||    38
         Reflection        |       |     1 ||     1

Table legend:
 A = Non-vault XP
 B = Vault XP
 C = Vault XP percentage of total XP
 D = Non-vault monster count
 E = Vault monster count
 F = Vault count percentage of total count
                 A         B        C        D         E       F
            +---------+---------+-------+---------+---------+-------
      Total |     403 |       5 |   1.2 |      62 |       5 |   7.5
            +---------+---------+-------+---------+---------+-------
        D:1 |      47 |       0 |   0.0 |      19 |       0 |   0.0
        D:2 |      73 |       0 |   0.0 |      21 |       0 |   0.0
        D:3 |      99 |       1 |   1.0 |      20 |       1 |   4.8
        D:4 |     184 |       4 |   2.1 |       2 |       4 |  66.7
            +---------+---------+-------+---------+---------+-------
